 Dungeon Crawl Stone Soup version 0.27-a0-54-g64bdb92e38 (webtiles) character file.

Game seed: 13357924780584723029

2487 lessens the Quickloader (level 9, -3/61 HPs)
             Began as a Formicid Hunter on Jan 7, 2021.
             Was a Priest of Trog.
             Slain by a red ugly thing (16 damage)
             ... on level 8 of the Dungeon.
             The game lasted 00:15:10 (10471 turns).

lessens the Quickloader (Formicid Hunter)          Turns: 10471, Time: 00:15:10

Health: -3/61      AC: 11    Str: 20    XL:     9   Next: 81%
Magic:  9/9        EV: 12    Int: 11    God:    Trog [***...]
Gold:   217        SH:  0    Dex: 25    Spells: 8/8 levels left

rFire    . . .     SeeInvis +   a - +2 hand crossbow
rCold    . . .     Faith    .   (no shield)
rNeg     . . .     Spirit   .   G - +1 ring mail "Evueh" {Harm *Drain Dex+8}
rPois    +         Reflect  .   (helmet unavailable)
rElec    .         Harm     +   M - +2 cloak
rCorr    .         Rampage  .   s - +1 pair of gloves
Will     .....                  (no boots)
Stlth    ++........             (no amulet)
HPRegen  0.20/turn              e - +6 ring of dexterity
MPRegen  0.11/turn              k - ring of poison resistance

@: mighty
A: permanent stasis, dig shafts and tunnels, four strong arms, antennae 3
a: Dig, Shaft Self, Renounce Religion, Trog's Hand


You were on level 8 of the Dungeon.
You worshipped Trog.
Trog was most pleased with you.
You visited 1 branch of the dungeon, and saw 8 of its levels.
You also visited: Sewer and Ossuary.

You collected 385 gold pieces.
You spent 168 gold pieces at shops.

Inventory:

Hand Weapons
 a - a +2 hand crossbow (weapon)
 b - a +0 trident of venom
 y - a +0 short sword
Missiles
 d - 31 bolts (quivered ammo)
 f - 256 stones
 g - 19 boomerangs
 H - 26 poisoned darts
 N - a boomerang of dispersal
Armour
 c - a +0 leather armour
 s - a +1 pair of gloves (worn)
 B - a +0 scale mail
 G - the +1 ring mail "Evueh" (worn) {Harm *Drain Dex+8}
   (You found it on level 4 of the Dungeon)

   It affects your dexterity (+8).
   It causes draining when unequipped.
   It increases damage dealt and taken.
 M - a +2 cloak (worn)
Jewellery
 e - a +6 ring of dexterity (left hand)
 j - an uncursed ring of fire
 k - a ring of poison resistance (right hand)
 L - the ring "Kyfob" {rC+ Will+ SInv, unknown}
   (You found it on level 7 of the Dungeon)

   [ring of see invisible]

   It protects you from cold.
   It affects your willpower, your defense against some magical effects.
   It lets you see invisible.
Wands
 r - a wand of digging (6)
 D - a wand of disintegration (9)
 J - a wand of paralysis (8)
 K - a wand of flame (7)
Scrolls
 h - a scroll of amnesia
 l - 2 scrolls of fear
 m - a scroll of magic mapping {unknown}
 q - a scroll of teleportation
 t - a scroll of enchant armour
 u - a scroll of fog
 w - 2 scrolls of remove curse
 F - 2 scrolls of identify
 I - 2 scrolls of enchant weapon
Potions
 i - a potion of flight
 n - 4 potions of brilliance {unknown}
 o - 2 potions of resistance {unknown}
 p - 6 potions of curing
 v - 3 potions of lignification
 x - a potion of attraction
 z - a potion of magic
 A - 4 potions of might
 C - a potion of cancellation
 E - 2 potions of mutation


   Skills:
 - Level 2.1 Fighting
 + Level 12.8 Crossbows
 + Level 0.1 Armour
 - Level 1.7 Dodging
 - Level 1.2 Stealth


You had 8 spell levels left.
You didn't know any spells.
Your spell library was empty.

Dungeon Overview and Level Annotations

Branches:
Dungeon (8/15)             Temple (0/1) D:4           Sewer (visited)
Ossuary (visited)
   Lair: D:8-11

Altars:
Dithmenos
Hepliaklqana
Nemelex Xobeh
Qazlal
Ru
Sif Muna
Trog
Uskayaw
Vehumet
Xom
Yredelemnul
Zin
The Shining One

Shops:
D:6 ?!

Annotations:
D:7 2 transporters


Innate Abilities, Weirdness & Mutations

You cannot be hasted, slowed, berserked, paralysed or teleported.
You can dig through walls and to a lower floor.
Your four strong arms can wield two-handed weapons with a shield.
You have a pair of large antennae on your head. (SInv)


Message History

Press: ? - help, Q - select action, (/) - cycle Shift-Dir - straight line, f/p - red ugly thing
Aim: a red ugly thing (heavily wounded)
You shoot a bolt. The bolt hits the red ugly thing.
The red ugly thing is severely wounded.
The red ugly thing misses you.
Fire: 33 bolts
Press: ? - help, Q - select action, (/) - cycle Shift-Dir - straight line, f/p - red ugly thing
Aim: a red ugly thing (severely wounded)
You shoot a bolt. The bolt hits the red ugly thing.
The red ugly thing is severely wounded.
The red ugly thing completely misses you.
Fire: 32 bolts
Press: ? - help, Q - select action, (/) - cycle Shift-Dir - straight line, f/p - red ugly thing
Aim: a red ugly thing (severely wounded)
You shoot a bolt. The bolt hits the red ugly thing!
The red ugly thing is almost dead.
The red ugly thing trunk-slaps you!
* * * LOW HITPOINT WARNING * * *
You are engulfed in flames!
You die...

.......>....[...#####..###....
.............#.######.## ##.
.............#..#.....#
.............##.#....##
......)†....###.#....#
.............##.#...##
....<)÷.............#####
......÷..?...##.........#
.)...........###@u(.###..
#.##.........# ##[..# #.
##....>..## #...# . {
.#.....## ##### ..####### ...


You could see a red ugly thing.

Vanquished Creatures
  Maurice (D:8)
  Grinder (D:6)
  Sigmund (D:6)
  Purgy (Sewer)
  An ogre (D:8)
  A centaur (D:8)
  2 bullfrogs
  6 water moccasin zombies (Ossuary)
  2 scorpions
  2 howler monkeys
  3 bullfrog skeletons
  8 orc wizards
  Terence (D:3)
  A centaur skeleton (D:4)
  5 worker ants
  3 big kobold zombies (Ossuary)
  A hound skeleton (D:4)
  3 mummies
  A worker ant zombie (D:5)
  9 adders
  A shadow imp (D:6)
  An ufetubus (D:5)
  An ooze (D:1)
  2 adder zombies (Ossuary)
  2 adder skeletons (D:5)
  4 worms
  2 dart slugs
  3 leopard geckos
  26 orcs
  3 ball pythons
  9 bats
  5 giant cockroaches
  7 goblins
  9 hobgoblins
  9 jackals
  13 kobolds
  4 quokkas
  10 frilled lizards
  2 goblin zombies (D:5)
  3 hobgoblin zombies (Ossuary)
  7 kobold zombies (Ossuary)
  2 leopard gecko skeletons
  4 orc zombies (Ossuary)
  6 rats
188 creatures vanquished.

Vanquished Creatures (others)
  A plant (D:3)
1 creature vanquished.

Grand Total: 189 creatures vanquished

Notes
Turn   | Place    | Note
-------+----------+-------------------------------------------
     0 | D:1      | lessens the Formicid Hunter began the quest for the Orb.
     0 | D:1      | Reached XP level 1. HP: 16/16 MP: 1/1
   211 | D:1      | Reached XP level 2. HP: 6/22 MP: 2/2
  1013 | D:1      | Reached XP level 3. HP: 20/27 MP: 3/3
  1023 | D:1      | Reached skill level 5 in Crossbows
  2472 | D:2      | Reached XP level 4. HP: 29/33 MP: 4/4
  3418 | D:3      | Found a shimmering blue altar of Sif Muna.
  3418 | D:3      | Noticed Terence
  3606 | D:3      | Found a radiant altar of Vehumet.
  3606 | D:3      | Found a basalt altar of Yredelemnul.
  3629 | D:3      | Found a bloodstained altar of Trog.
  3631 | D:3      | Found a stormy altar of Qazlal.
  3638 | D:3      | Found a hide-covered altar of Uskayaw.
  3639 | D:3      | Found a glowing silver altar of Zin.
  3640 | D:3      | Found a shadowy altar of Dithmenos.
  3643 | D:3      | Became a worshipper of Trog the Wrathful
  3656 | D:3      | Killed Terence
  3673 | D:3      | Reached XP level 5. HP: 21/38 MP: 5/5
  3731 | D:3      | Reached skill level 6 in Crossbows
  3845 | D:3      | Found a glowing drain.
  3967 | Sewer    | Entered a sewer
  4125 | Sewer    | Noticed Purgy
  4142 | Sewer    | Killed Purgy
  4143 | Sewer    | Reached skill level 7 in Crossbows
  4143 | Sewer    | Reached XP level 6. HP: 25/44 MP: 6/6
  4525 | D:3      | Reached * piety under Trog
  4660 | D:3      | Found a glowing golden altar of the Shining One.
  5505 | D:4      | Found a staircase to the Ecumenical Temple.
  5654 | D:4      | Reached XP level 7. HP: 26/50 MP: 7/7
  5656 | D:4      | HP: 1/50 [orc/+0 club (3)]
  6055 | D:4      | Reached skill level 8 in Crossbows
  6401 | D:4      | Got a glimmering ring mail
  6422 | D:4      | Identified the cursed +1 ring mail "Evueh" {Harm *Drain
                  | Dex+8} (You found it on level 4 of the Dungeon)
  6447 | D:5      | Entered Level 5 of the Dungeon
  6559 | D:5      | Found a sparkling altar of Nemelex Xobeh.
  6659 | D:5      | Found a sacrificial altar of Ru.
  6705 | D:5      | Found a sand-covered staircase.
  6853 | Ossuary  | Entered an ossuary
  6879 | Ossuary  | Reached ** piety under Trog
  6952 | Ossuary  | Reached skill level 9 in Crossbows
  6974 | Ossuary  | Reached XP level 8. HP: 48/56 MP: 8/8
  7247 | Ossuary  | Reached skill level 10 in Crossbows
  8074 | D:6      | Noticed Sigmund
  8079 | D:6      | Killed Sigmund
  8215 | D:6      | Found a sacrificial altar of Ru.
  8229 | D:6      | Reached *** piety under Trog
  8508 | D:6      | Found Imaocuc's Distillery.
  8556 | D:6      | Bought a potion of might for 56 gold pieces
  8556 | D:6      | Bought a potion of might for 56 gold pieces
  8556 | D:6      | Bought a potion of might for 56 gold pieces
  8611 | D:6      | Reached skill level 11 in Crossbows
  8621 | D:6      | Reached XP level 9. HP: 14/61 MP: 9/9
  8862 | D:6      | Found Berarot's Magic Scroll Shop.
  8895 | D:6      | Found Irghou's Armour Shop.
  9040 | D:6      | Noticed Grinder
  9063 | D:6      | Killed Grinder
  9677 | D:7      | Got an ancient bronze ring
  9698 | D:7      | Found a transporter.
  9721 | D:7      | Found a transporter.
  9927 | D:7      | Reached skill level 12 in Crossbows
 10022 | D:7      | Found a hazy altar of Hepliaklqana.
 10023 | D:7      | Found a shimmering altar of Xom.
 10024 | D:7      | Noticed a spectral ugly thing
 10202 | D:8      | Noticed Maurice
 10216 | D:8      | Killed Maurice
 10460 | D:8      | Noticed a red ugly thing
 10471 | D:8      | Slain by a red ugly thing

Illustrated notes

Levels and vault maps discovered:
D:1:      dpeg_arrival_morbid_curiosity, layout_basic
D:2:      cheibrodos_helix_gallery, layout_loops_ring, minmay_tromino_v2
D:3:      layout_rooms, tso_oasis_becter, grunt_temple_overflow_open,
          portal_sewer_entry_d, uniq_terence
D:4:      layout_basic, minmay_temple_entry_statues
D:5:      layout_cave_pools, nemelex_xobeh_ov_fountains_minmay,
          nicolae_ossuary_entry_giza, lemuel_altar_in_water
D:6:      layout_basic, serial_shops, shop_statue, kennysheep_little_box, shop,
          nicolae_ru_great_annihilating_truth, uniq_sigmund, uniq_grinder
D:7:      gammafunk_steamed_eel, layout_basic, regret_index_temple_of_mockery,
          nrook_campfire
D:8:      layout_rooms, uniq_harold, uniq_maurice, uniq_joseph

Skill      XL: |  1  2  3  4  5  6  7  8  9 |
---------------+----------------------------+-----
Crossbows      | 5 7 9 11 12 | 12.8
Fighting       | |  2.1
Armour         | |  0.1
Dodging        | |  1.7
Stealth        | |  1.2

Action                   |  1- 3 |  4- 6 |  7- 9 || total
-------------------------+-------+-------+-------++-------
Melee: Short sword       |   128 |   258 |   221 ||   607
       Trident           |       |       |   128 ||   128
 Fire: Hand crossbow     |     1 |     4 |   101 ||   106
 Abil: Dig               |       |       |     2 ||     2
Evoke: Wand              |       |       |     3 ||     3
  Use: Potion            |       |     9 |     2 ||    11
       Scroll            |       |     2 |    14 ||    16
 Stab: Invisible         |       |     1 |       ||     1
       Sleeping          |       |       |     4 ||     4
       Distracted        |       |       |     3 ||     3
       Paralysed         |       |       |     3 ||     3
Armor: Leather armour    |    58 |    59 |     3 ||   120
       Skin              |       |    25 |     2 ||    27
       Ring mail         |       |       |   217 ||   217
Dodge: Dodged            |   118 |   183 |   312 ||   613

Table legend: (Time is in decaauts)
 A = Elapsed time spent in this place.
 B = Non-inter-level travel time spent in this place.
 C = Inter-level travel time spent in this place.
 D = Time resting spent in this place.
 E = Time spent auto-exploring this place.
 F = Levels seen in this place.
 G = Mean time per level.
                   A        B        C        D        E       F      G
               +--------+--------+--------+--------+--------+-----+--------+
         Total |  10587 |  10193 |    394 |   2991 |   5078 |  10 | 1058.7 |
       Dungeon |   9502 |   9108 |    394 |   2406 |   4973 |   8 | 1187.8 |
         Sewer |    479 |    479 |      0 |    298 |     83 |   1 |  479.0 |
       Ossuary |    605 |    605 |      0 |    287 |     22 |   1 |  605.0 |
               +--------+--------+--------+--------+--------+-----+--------+

Top non-repeatable levels by time:
     D:1: 2066 daAuts
     D:6: 1657 daAuts
     D:4: 1566 daAuts
     D:2: 1306 daAuts
     D:3: 1095 daAuts
     D:7: 878 daAuts
     D:5: 790 daAuts
 Ossuary: 605 daAuts
   Sewer: 479 daAuts
     D:8: 142 daAuts
